AoeStats
← jasonpanex

Arena

510566719Analyzed
4v4 RM · 2d ago on Oct 1, 2026· 46m 44s· 8 players
Game mode
Random Map
Map size
Large (8 player)
Population
200
Speed
Normal
Resources
Standard
Victory
Conquest
Starting age
Dark Age
Ending age
Imperial Age
RankedLock teamsTeams togetherTeam positionsShared explorationLock speedFull tech treeHidden civsTurbo modeCheats
Victory
Defeat
🇹🇼 Italians · Taiwan
1103
+13
🇫🇷 Dravidians · France
1067
+14
🇹🇼 Huns · Taiwan
1062
+14
🇦🇷 Poles · Argentina
1041
+15
🇳🇴 Bohemians · Norway
1084
-16
🇨🇱 Goths · Chile
1030
-14
🇦🇷 Huns · Argentina
993
-13
🇺🇸 Spanish · United States
988
-13
William
11:12 Feudal Age
12:22 Double-Bit Axe
12:26 Loom
15:16 Castle Age
13:29 Horse Collar
15:13 Forging
16:16 Gold Mining
21:33 Husbandry
23:33 Wheelbarrow
24:01 Scale Barding Armor
26:43 Hand Cart
27:04 Bow Saw
27:21 Bloodlines
30:24 Chain Barding Armor
30:40 Iron Casting
32:48 Imperial Age
31:44 Stone Mining
32:53 Cavalier
36:05 Town Watch
36:57 Gold Shaft Mining
37:44 Two-Man Saw
36:13 Paladin
37:27 Conscription
38:57 Plate Barding Armor
39:33 Blast Furnace
40:45 Chemistry
39:11 Pikeman
39:51 Squires
39:36 Arson
39:54 Scale Mail Armor
40:35 Heavy Plow
41:29 Coinage
43:19 Light Cavalry
44:25 Hussar
46:33 Illumination
JuaNCaBj
9:19 Loom
11:34 Feudal Age
15:34 Castle Age
13:37 Double-Bit Axe
13:33 Horse Collar
17:16 Bow Saw
17:08 Heavy Plow
20:15 Wheelbarrow
24:41 Hand Cart
28:08 Imperial Age
26:32 Gold Mining
26:35 Stone Mining
28:12 Cavalier
29:02 Szlachta Privileges
29:18 Conscription
29:11 Bloodlines
30:06 Chemistry
29:44 Stone Shaft Mining
29:54 Crop Rotation
29:42 Husbandry
30:49 Scale Barding Armor
31:01 Treadmill Crane
33:13 Forging
37:07 Chain Barding Armor
37:24 Iron Casting
39:25 Blast Furnace
40:34 Elite Obuch
42:21 Scale Mail Armor
42:23 Squires
42:09 Arson
46:56 Chain Mail Armor
jasonpanex
7:32 Loom
9:48 Feudal Age
10:24 Double-Bit Axe
10:43 Horse Collar
11:49 Fletching
19:14 Town Watch
23:18 Castle Age
21:27 Stone Mining
21:29 Gold Mining
24:07 Bodkin Arrow
25:11 Guard Tower
25:42 Ballistics
27:12 Bow Saw
27:03 Heavy Plow
32:29 Imperial Age
33:53 Keep
35:14 Chemistry
34:00 Arrowslits
35:11 Wheelbarrow
36:24 Two-Man Saw
43:29 Hand Cart
joueur1andre
9:39 Feudal Age
9:39 Man-at-Arms
10:11 Double-Bit Axe
10:08 Horse Collar
11:10 Arson
13:06 Loom
16:21 Wheelbarrow
18:45 Gold Mining
21:19 Castle Age
19:14 Stone Mining
21:25 Long Swordsman
21:52 Gambesons
22:19 Bow Saw
22:13 Heavy Plow
22:52 Squires
22:57 Scale Mail Armor
25:51 Fletching
27:04 Hand Cart
27:54 Town Watch
37:57 Imperial Age
36:15 Chain Mail Armor
36:40 Forging
39:08 Iron Casting
39:01 Conscription
39:15 Plate Mail Armor
38:11 Two-Handed Swordsman
40:37 Two-Man Saw
40:50 Blast Furnace
40:54 Wootz Steel
40:41 Champion
Pato
11:38 Feudal Age
13:11 Double-Bit Axe
13:15 Loom
18:02 Man-at-Arms
El Lobizon Chinchu
5:00 Loom
10:27 Feudal Age
17:08 Castle Age
16:29 Double-Bit Axe
16:26 Horse Collar
16:42 Gold Mining
17:53 Forging
22:40 Scale Mail Armor
23:59 Pikeman
27:39 Husbandry
27:50 Bloodlines
Lerny
11:12 Feudal Age
12:38 Loom
15:18 Castle Age
13:47 Double-Bit Axe
14:10 Horse Collar
20:20 Bow Saw
22:11 Wheelbarrow
25:28 Heavy Plow
28:43 Anarchy
31:27 Imperial Age
29:19 Gold Mining
29:20 Stone Mining
29:36 Scale Mail Armor
29:46 Forging
30:07 Squires
29:30 Pikeman
30:35 Hand Cart
30:07 Town Watch
30:59 Stone Shaft Mining
30:59 Chain Mail Armor
31:04 Town Patrol
31:48 Iron Casting
33:19 Chemistry
32:02 Treadmill Crane
32:01 Elite Huskarl
32:37 Halberdier
33:52 Perfusion
35:30 Crop Rotation
36:01 Two-Man Saw
36:22 Blast Furnace
39:37 Conscription
40:54 Fletching
41:29 Ballistics
45:52 Murder Holes
Clearlyunintelligent
11:38 Feudal Age
15:23 Castle Age
13:47 Double-Bit Axe
13:46 Horse Collar
20:43 Bow Saw
24:14 Wheelbarrow
23:27 Loom
24:47 Fletching
26:28 Bodkin Arrow
27:32 Hand Cart
27:04 Town Watch
37:14 Imperial Age
Connection lost

Rejoining the realm…

Still unreachable

The connection could not be restored.

Session expired

The server has moved on; the page needs a fresh start.